 Dungeon Crawl Stone Soup version 0.22.0 (webtiles) character file.

4683 GroovyGamera the Cleaver (level 10, -9/61 HPs)
             Began as a Gargoyle Fighter on Aug 11, 2018.
             Was an Initiate of Makhleb.
             Mangled by a white ugly thing (14 damage)
             ... on level 7 of the Dungeon.
             The game lasted 00:28:44 (8812 turns).

GroovyGamera the Cleaver (Gargoyle Fighter)         Turns: 8812, Time: 00:28:45

Health: -9/61      AC: 25    Str: 21    XL:     10   Next: 44%
Magic:  10/10      EV:  6    Int: 10    God:    Makhleb [......]
Gold:   306        SH: 11    Dex: 14    Spells: 9/9 levels left

rFire    . . .     SeeInvis .   a - +0 war axe
rCold    . . .     Gourm    .   c - +0 shield
rNeg     + . .     Faith    .   A - +0 plate armour
rPois    ∞         Spirit   .   b - +2 helmet
rElec    +         Reflect  .   (no cloak)
rCorr    .         Harm     .   h - +0 pair of gloves
MR       .....                  (no boots)
Stlth    ..........             (no amulet)
HPRegen  0.20/turn              o - +4 ring of dexterity
MPRegen  0.12/turn              (no ring)

@: no status effects
A: negative energy resistance 1, electricity resistance, unbreathing,
petrification resistance, rot immunity, AC +7
a: Renounce Religion


You were on level 7 of the Dungeon.
You worshipped Makhleb.
Makhleb was noncommittal.
You were not hungry.

You visited 2 branches of the dungeon, and saw 9 of its levels.

You collected 390 gold pieces.
You spent 84 gold pieces at shops.

Inventory:

Hand Weapons
 a - a +0 war axe (weapon)
 d - a +4 scimitar
 r - a +0 battleaxe
 v - a +0 blowgun
Missiles
 u - 39 bolts
 w - 36 poisoned needles
Armour
 b - a +2 helmet (worn)
 c - a +0 shield (worn)
 g - a +1 chain mail of fire resistance
 h - a +0 pair of gloves (worn)
 A - a +0 plate armour (worn)
Jewellery
 o - a +4 ring of dexterity (left hand)
Scrolls
 l - 4 scrolls of magic mapping
 p - 2 scrolls of identify
 q - 5 scrolls of remove curse
 s - a scroll of acquirement {unknown}
 x - a scroll of immolation {unknown}
 y - 2 scrolls of enchant weapon {unknown}
 B - a scroll of amnesia
Potions
 i - 3 potions of ambrosia
 j - 2 potions of degeneration
 k - 3 potions of flight {unknown}
 m - 2 potions of brilliance
 n - a potion of curing
 z - a potion of haste
Comestibles
 f - 18 rations


   Skills:
 + Level 6.3 Fighting
 + Level 9.6 Axes
 + Level 7.6 Armour
 - Level 1.9 Dodging
 + Level 1.5 Stealth
 + Level 8.1 Shields
 * Level 0.5 Invocations


You had 9 spell levels left.
You didn't know any spells.
Your spell library was empty.

Dungeon Overview and Level Annotations

Branches:
Dungeon (8/15)             Temple (1/1) D:6
   Lair: D:8-11

Altars:
Ashenzari
Cheibriados
Dithmenos
Elyvilon
Fedhas
Gozag
Hepliaklqana
Kikubaaqudgha
Makhleb
Nemelex Xobeh
Qazlal
Ru
Sif Muna
Trog
Uskayaw
Vehumet
Wu Jian
Xom
Yredelemnul
Zin
The Shining One
Lugonu

Shops:
D:8 !

Annotations:
D:5 1 runed door
D:7 1 transporter, exclusion: statue
D:8 1 transporter


Innate Abilities, Weirdness & Mutations

You are resistant to torment.
Your stone body is resilient. (AC +7)
You are immune to poison.
You resist negative energy. (rN+)
You are resistant to electric shocks. (rElec)
You can survive without breathing.
You are immune to petrification.
You are immune to rotting.


Message History

You closely miss the small abomination.
Your plate armour prevents you from hitting the small abomination.
The small abomination hits you but does no damage.
The small abomination barely misses you.
The small abomination closely misses you.
You block the large abomination's attack.
You closely miss the white ugly thing. You slash the large abomination!
You hit the small abomination but do no damage.
Your plate armour prevents you from hitting the small abomination.
You slash the small abomination!
You destroy the small abomination!
Makhleb accepts your kill.
You block the small abomination's attack. x2
The small abomination hits you but does no damage.
The large abomination hits you.
* * * LOW HITPOINT WARNING * * *
The white ugly thing headbutts you.
* * * LOW HITPOINT WARNING * * *
The white ugly thing freezes you!
You die... ....# ##©## ...## #. #.# ©# ...# .## ### ##.. ...# ### #..#####..# ...#####.# ...###...# .........## .......# ##### ## ..###.....### #x{)|.# #...####. .## #.......# #xxXx.#

###...... .#
##.....#####.@ux.##
####... ##
#.....#####...u...#
##.. #
##.....###....###...#
##. #
#......##....#### ..#
#. ##......##.©..####
#.. ##
#.......###..###.# #
#
##.......########©##
# #.........####
#...## #
#............#
##...#####


You could see 2 ugly things, a large abomination and 5 small abominations.

Vanquished Creatures
  Pikel (D:5)
  A troll (D:6)
  A hippogriff (D:7)
  Grum (D:8)
  Edmund (D:4)
  A water moccasin (D:8)
  3 orc warriors
  A phantom (D:6)
  A slave (D:5)
  4 ogres
  3 sky beasts
  4 wolves (D:8)
  2 centaurs
  A big kobold (D:8)
  4 bullfrogs
  2 small abominations (D:7)
  2 scorpions (D:5)
  A killer bee (D:5)
  4 wights
  5 crimson imps
  3 orc priests
  2 hounds
  2 jellies
  8 orc wizards
  Jessica (D:2)
  2 iguanas (D:8)
  Terence (D:2)
  12 worker ants
  7 adders
  A gnoll (D:1)
  2 oozes
  An adder skeleton (D:7)
  An adder zombie (D:5)
  A worm (D:3)
  2 dart slugs (D:1)
  8 leopard geckos
  22 orcs
  7 giant cockroaches
  7 goblins
  9 hobgoblins
  4 jackals (D:3)
  12 kobolds
  A quokka (D:5)
  6 bats
  5 frilled lizards
  9 rats
179 creatures vanquished.

Vanquished Creatures (others)
  A human (D:5)
  An orc wizard (D:7)
  A worker ant (D:5)
3 creatures vanquished.

Grand Total: 182 creatures vanquished

Notes
Turn   | Place    | Note
-------+----------+-------------------------------------------
     0 | D:1      | GroovyGamera the Gargoyle Fighter began the quest for the Orb.
     0 | D:1      | Reached XP level 1. HP: 14/14 MP: 1/1
    56 | D:1      | Reached XP level 2. HP: 16/19 MP: 2/2
   140 | D:1      | Reached skill level 2 in Axes
   176 | D:1      | Reached XP level 3. HP: 24/24 MP: 3/3
   631 | D:2      | Reached XP level 4. HP: 29/29 MP: 4/4
   677 | D:2      | Noticed Terence
   685 | D:2      | Killed Terence
   685 | D:2      | Reached skill level 3 in Axes
   730 | D:2      | Found a sparkling altar of Nemelex Xobeh.
   985 | D:2      | Reached XP level 5. HP: 28/33 MP: 5/5
  1252 | D:2      | Noticed Jessica
  1261 | D:2      | Killed Jessica
  1593 | D:3      | Found a hazy altar of Hepliaklqana.
  1701 | D:3      | Reached skill level 4 in Axes
  1726 | D:3      | Found a faded altar of an unknown god.
  2032 | D:3      | Reached XP level 6. HP: 28/38 MP: 6/6
  2641 | D:4      | Reached skill level 5 in Axes
  2649 | D:4      | Reached XP level 7. HP: 15/43 MP: 7/7
  2965 | D:4      | Noticed Edmund
  2994 | D:4      | Killed Edmund
  3238 | D:5      | Entered Level 5 of the Dungeon
  3238 | D:5      | Found an ancient bone altar of Kikubaaqudgha.
  3351 | D:5      | Reached skill level 5 in Shields
  3361 | D:5      | Reached skill level 6 in Axes
  3632 | D:5      | Found a runed door.
  3645 | D:5      | Found a runed door.
  3857 | D:5      | Reached XP level 8. HP: 47/48 MP: 8/8
  3910 | D:5      | Noticed Pikel
  3940 | D:5      | Killed Pikel
  3940 | D:5      | Reached skill level 5 in Armour
  3940 | D:5      | Reached skill level 1 in Dodging
  4451 | D:5      | Reached skill level 7 in Axes
  4493 | D:5      | Reached skill level 5 in Fighting
  4493 | D:5      | Reached XP level 9. HP: 23/54 MP: 9/9
  4753 | D:6      | Found a staircase to the Ecumenical Temple.
  4804 | D:6      | Noticed a seven-headed hydra
  5291 | D:7      | Found a white marble altar of Elyvilon.
  5441 | D:7      | Found a corrupted altar of Lugonu.
  5634 | D:7      | HP: 2/54 [orc warrior/long sword of slicing (1)]
  6051 | D:8      | Noticed a centaur warrior
  6147 | D:8      | Found a glowing golden altar of the Shining One.
  6245 | D:8      | Noticed Grum
  6264 | D:8      | Reached skill level 8 in Axes
  6274 | D:8      | Killed Grum
  6471 | D:8      | Found Usuni's Distillery.
  6480 | D:8      | Bought a potion of curing for 42 gold pieces
  6480 | D:8      | Bought a potion of curing for 42 gold pieces
  6819 | D:8      | Found a transporter.
  6903 | D:8      | Reached skill level 1 in Stealth
  7179 | D:8      | Found a sacrificial altar of Ru.
  7180 | D:8      | Found a deep blue altar of Sif Muna.
  7331 | D:8      | Reached skill level 9 in Axes
  7331 | D:8      | Reached XP level 10. HP: 28/60 MP: 10/10
  7847 | D:7      | Found a radiant altar of Vehumet.
  7915 | D:7      | Found a transporter.
  8262 | D:6      | Found an opulent altar of Gozag.
  8500 | Temple   | Entered the Ecumenical Temple
  8718 | Temple   | Became a worshipper of Makhleb the Destroyer
  8800 | D:7      | Noticed a white ugly thing
  8800 | D:7      | Noticed a brown ugly thing
  8800 | D:7      | Noticed a large abomination
  8802 | D:7      | Found a transporter.
  8812 | D:7      | Mangled by a white ugly thing

Skill      XL: |  1  2  3  4  5  6  7  8  9 10 |
---------------+-------------------------------+-----
Axes           | 2 3 4 5 6 7 9 |  9.6
Shields        | 4 5 6 7 8 |  8.1
Fighting       | 4 5 6 |  6.3
Armour         | 4 5 6 7 |  7.6
Dodging        | 1 |  1.9
Stealth        | 1 |  1.5
Invocations    | |  0.5

Action                   |  1- 3 |  4- 6 |  7- 9 | 10-12 || total
-------------------------+-------+-------+-------+-------++-------
Melee: War axe           |    69 |   241 |   506 |   170 ||   986
 Fire: Blowgun           |       |       |     3 |       ||     3
  Use: Scroll            |       |     5 |     8 |     1 ||    14
       Potion            |       |     1 |     8 |     1 ||    10
  Eat: Chunk             |       |     6 |     9 |     1 ||    16
       Ration            |       |       |     2 |     2 ||     4
Armor: Scale mail        |    41 |     5 |       |       ||    46
       Chain mail        |       |   148 |   315 |    55 ||   518
       Plate armour      |       |       |       |    69 ||    69
Dodge: Dodged            |    32 |    56 |   116 |    42 ||   246
Block: Shield            |    31 |   119 |   256 |   103 ||   509
